 Dungeon Crawl Stone Soup version 0.31.0-11-ge490571c62 (webtiles) character file.

Game seed: 8891124647555814880

7 Daunt the Caller (level 2, 0/15 HPs)
             Began as a Gargoyle Summoner on Jan 28, 2024.
             Slain by a jackal (1 damage)
             ... on level 1 of the Dungeon.
             The game lasted 00:01:32 (289 turns).

Daunt the Caller (Gargoyle Summoner)                 Turns: 289, Time: 00:01:32

Health: 0/15       AC:  4    Str: 11    XL:     2   Next: 4%
Magic:  0/5        EV: 11    Int: 15    God:
Gold:   47         SH:  0    Dex: 10    Spells: 4/5 levels left

rFire   . . .        g - +0 short sword
rCold   . . .        (no shield)
rNeg    + . .        a - +0 robe
rPois   ∞            (no helmet)
rElec   +            (no cloak)
rCorr   .            (no gloves)
SInv    .            (no boots)
Will    .....        (no amulet)
Stlth   ++           (no ring)
HPRegen 0.22/turn    (no ring)
MPRegen 0.09/turn

%: no passive effects
@: hasted, very quick
A: sickness immunity, AC +2, negative energy resistance 1, electricity
resistance, torment resistance 1, petrification resistance
a: no special abilities


You were on level 1 of the Dungeon.
You visited 1 branch of the dungeon, and saw 2 of its levels.

You collected 47 gold pieces.

Inventory:

Hand Weapons
 g - a +0 short sword (weapon)
Missiles
 d - 5 stones
Armour
 a - a +0 robe (worn)
Scrolls
 c - 2 scrolls of teleportation {unknown}
 e - a scroll of vulnerability {unknown}
Potions
 b - a potion of magic


   Skills:
 - Level 1.5 Dodging
 - Level 2.1 Stealth
 - Level 2.0 Spellcasting
 + Level 4.0 Summonings


You had 4 spell levels left.
You knew the following spells:

 Your Spells              Type           Power      Damage    Failure   Level
a - Summon Small Mammal   Summ           52%        N/A       4%          1

Your spell library contained the following spells:

 Spells                   Type           Power      Damage    Failure   Level
 Call Imp                 Summ           26%        N/A       6%          2
 Call Canine Familiar     Summ           13%        N/A       13%         3
 Summon Blazeheart Golem  Fire/Summ      7%         N/A       67%         4
 Summon Lightning Spire   Summ/Air       7%         N/A       67%         4


Dungeon Overview and Level Annotations

Branches:
Dungeon (2/15)

Altars:


Innate Abilities, Weirdness & Mutations

You are immune to sickness and miasma.
Your stone body is resilient. (AC +2)
You are immune to poison.
You resist negative energy. (rN+)
You are resistant to electric shocks. (rElec)
You are resistant to unholy torment.
You are immune to petrification.


Message History

Your bat's corpse disappears in a puff of smoke!
The jackal barely misses you.
Unknown command.
Unknown command.
Casting: Summon Small Mammal (safe; 4% risk of failure)
Confirm with . or Enter, or press ? or * to list all spells.
You don't have enough magic to cast this spell.
You barely miss the jackal.
The jackal is heavily wounded.
Your bat hits the jackal but does no damage.
The jackal closely misses you.
The ball python bites you but does no damage.
The ball python grabs you. The ball python constricts you.
* * * LOW HITPOINT WARNING * * *
Unknown command.
Unknown command.
Unknown command.
Casting: Summon Small Mammal (safe; 4% risk of failure)
Confirm with . or Enter, or press ? or * to list all spells.
Your bat hits the ball python. The jackal barely misses you. x2
The ball python bites you.
* * * LOW HITPOINT WARNING * * *
The ball python constricts you. The rat bites your rat.
Your rat dies!
Your rat's corpse disappears in a puff of smoke!
The jackal bites you but does no damage.
Unknown command.
Unknown command.
Unknown command.
You escape the ball python's grasp.
The jackal attacks as it pursues you!
The jackal bites you but does no damage.
The jackal bites you.
* * * LOW HITPOINT WARNING * * *
The jackal barely misses you.
Your bat closely misses the ball python.
Unknown command.
It was a potion of haste.
You feel yourself speed up.
The jackal bites you but does no damage.
The jackal bites you.
You die...

#............#
#######.......####.#
..............####'####
..............#.......#
........#######.......#
........# ####.......#
######### #..........#
# #...h......# ######
#..Sh@.....# .....#
#b†r###[#### .....##
......# #+#
......##........
..†....+........
###...##.........
#...##.........
#...###..###....
###...####..##


You could see 2 jackals, a ball python, a rat and a friendly bat (summoned).

Vanquished Creatures
  An endoplasm (D:1)
  A jackal (D:1)
  A quokka (D:1)
  A bat (D:1)
  A kobold (D:1)
5 creatures vanquished.

Vanquished Creatures (collateral kills)
  An endoplasm (D:1)
  A rat (D:1)
2 creatures vanquished.

Grand Total: 7 creatures vanquished

Notes
Turn   | Place    | Note
-------+----------+-------------------------------------------
     0 | D:1      | Daunt the Gargoyle Summoner began the quest for the Orb.
     0 | D:1      | Reached XP level 1. HP: 10/10 MP: 3/3
   282 | D:1      | Reached skill level 4 in Summonings
   282 | D:1      | Reached XP level 2. HP: 10/15 MP: 0/5
   289 | D:1      | Slain by a jackal

Illustrated notes

Levels and vault maps discovered:
D:1:      onia_arrival_pentagram, layout_basic
D:2:      layout_basic, dilly_ecumenical_altar_fadedgnrine, serial_glass,
          glass_columns_a, glass_columns_b, glass_columns_b, glass_columns_a,
          nicolae_titane

Skill      XL: |  1 |
---------------+----+-----
Summonings     | 4 |  4.0
Dodging        | |  1.5
Stealth        | |  2.1
Spellcasting   | |  2.0

Action                     || total
---------------------------++-------
  Melee: Unarmed           ||    13
         Short sword       ||     8
   Cast: Summon Small Mamm ||    11
    Use: Potion            ||     1
 Armour: Robe              ||    29
  Dodge: Dodged            ||    28
